 Dungeon Crawl Stone Soup version 0.20-a0-970-gcd8f41e (webtiles) character file.

61 Rrauwl the Chiller (level 4, -4/33 HPs)
             Began as a Barachi Ice Elementalist on Apr 8, 2017.
             Slain by Grinder (10 damage)
             ... on level 3 of the Dungeon.
             The game lasted 00:09:36 (2081 turns).

Rrauwl the Chiller (Barachi Ice Elementalist)       Turns: 2081, Time: 00:09:37

Health: -4/33      AC:  2    Str: 15    XL:     4   Next: 7%
Magic:  8/8        EV: 12    Int: 15    God:
Gold:   147        SH:  0    Dex: 13    Spells: 4/9 levels left

rFire    . . .     SeeInvis .   (no weapon)
rCold    . . .     Gourm    .   (no shield)
rNeg     . . .     Faith    .   a - +0 robe
rPois    .         Spirit   .   (no helmet)
rElec    .         Reflect  .   (no cloak)
rCorr    .         Harm     .   (no gloves)
MR       .....                  (no boots)
Stlth    ++........             (no amulet)
Regen    0.2/turn               (no ring)
MPRegen  0.2/turn               (no ring)

@: mighty, slow
A: +LOS, swims, slowness 1, strong legs 1
a: Hop


You were on level 3 of the Dungeon.
You were not hungry.

You visited 1 branch of the dungeon, and saw 3 of its levels.

You collected 147 gold pieces.

Inventory:

Armour
 a - a +0 robe (worn)
Wands
 m - a wand of disintegration (14/24)
Scrolls
 d - a scroll of identify {unknown}
 f - a scroll of remove curse {unknown}
 g - 2 scrolls of immolation {unknown}
 k - a scroll of enchant armour {unknown}
 l - a scroll of teleportation {unknown}
Potions
 e - a potion of lignification {unknown}
 h - a potion of might
 i - a potion of haste {unknown}
 n - a potion of mutation {unknown}
Books
 b - a book of Frost

   Spells                             Type                      Level
   a - Freeze                         Ice                          1
   b - Throw Frost                    Conjuration/Ice              2
   c - Ozocubu's Armour               Charms/Ice                   3
   d - Throw Icicle                   Conjuration/Ice              4
   e - Summon Ice Beast               Ice/Summoning                4
Comestibles
 c - 2 bread rations
 j - a meat ration


   Skills:
 + Level 1.7 Fighting
 - Level 2.1 Dodging
 - Level 2.0 Stealth
 - Level 3.0 Spellcasting
 + Level 1.1 Conjurations
 + Level 4.6 Ice Magic


You had 4 spell levels left.
You knew the following spells:

 Your Spells              Type           Power        Failure   Level  Hunger
a - Freeze                Ice            ###.         3%          1    #......
b - Throw Icicle          Conj/Ice       ##......     67%         4    #####..


Dungeon Overview and Level Annotations

Branches:
Dungeon (3/15)

Altars:
The Shining One

Annotations:
D:3 Grinder


Innate Abilities, Weirdness & Mutations

Shadows flee at your approach. (+LOS)
You can swim through water.
You cover ground slowly.
You can hop short distances.


Message History

Grinder blinks! x2
Casting: Freeze
Confirm with . or Enter, or press ? or * to list all spells.
Aiming: Freeze
Press: ? - help, Shift-Dir - straight line, f - Grinder
Aim: Grinder You freeze Grinder.
Grinder completely resists.
Grinder blinks!
Grinder gestures at you.
You suddenly lose the ability to move!
Grinder hits you.
You writhe in agony.
Grinder hits you.
You writhe in agony.
Grinder hits you!
* * * LOW HITPOINT WARNING * * *
Grinder hits you.
* * * LOW HITPOINT WARNING * * *
You can move again.
It was a potion of might.
You feel very mighty all of a sudden. Grinder hits you!
You die...

#### ########## ...
........ #.# #.....#
##.####.....#
######...........########
#<...+...................
####.#...................
#..................$..
###......###.@........
#......# #.5........
+......+ +.........!
#......# #.......=..
#......# #..........
#......# #..........
######## #..........
........... .####.#####


You could see Grinder.

Vanquished Creatures
  2 adders (D:2)
  3 worms (D:2)
  A leopard gecko (D:1)
  5 bats
  2 giant cockroaches
  A goblin (D:2)
  10 hobgoblins
  4 frilled lizards
  3 kobolds
  3 rats
34 creatures vanquished.

Notes
Turn   | Place    | Note
-------+----------+-------------------------------------------
     0 | D:1      | Rrauwl the Barachi Ice Elementalist began the quest for the Orb.
     0 | D:1      | Reached XP level 1. HP: 13/13 MP: 3/3
   311 | D:1      | Reached XP level 2. HP: 18/19 MP: 1/5
   892 | D:1      | Reached skill level 4 in Ice Magic
  1075 | D:2      | Reached XP level 3. HP: 23/25 MP: 1/7
  1256 | D:2      | Reached skill level 1 in Fighting
  1272 | D:2      | Found a glowing golden altar of the Shining One.
  1923 | D:2      | Reached XP level 4. HP: 32/32 MP: 2/8
  1929 | D:2      | Learned a level 4 spell: Throw Icicle
  2070 | D:3      | Noticed Grinder
  2076 | D:3      | Paralysed by Grinder for 5 turns
  2081 | D:3      | Slain by Grinder

Vault maps used:
D:1:      erik_arrival_triangle_medium
D:2:      marbit_many_paths
D:3:      nicolae_ru_path_of_blood, uniq_grinder

Skill      XL: |  1  2  3 |
---------------+----------+-----
Stealth        | 2 |  2.0
Ice Magic      | 4 |  4.6
Fighting       | 1 |  1.7
Spellcasting   | 3 |  3.0
Dodging        | |  2.1
Conjurations   | |  1.1

Action                   |  1- 3 |  4- 6 || total
-------------------------+-------+-------++-------
Melee: Unarmed           |    64 |       ||    64
 Cast: Freeze            |    52 |     4 ||    56
  Use: Potion            |       |     1 ||     1
 Stab: Sleeping          |     3 |       ||     3
  Eat: Chunk             |     4 |       ||     4
       Fruit             |       |     1 ||     1
Armor: Robe              |    24 |       ||    24
Dodge: Dodged            |    59 |     1 ||    60
